 Dungeon Crawl Stone Soup version 0.25-a0-697-g890751e744 (webtiles) character file.

Game seed: 15617201695652067624, levelgen mode: deterministic

348 DerDa the Firebug (level 6, -9/41 HPs)
             Began as a Demonspawn Fire Elementalist on Apr 1, 2020.
             Was an Initiate of Kikubaaqudgha.
             Mangled by a fire vortex (16 damage)
             ... summoned by miscasting Sticky Flame
             ... on level 3 of the Dungeon.
             The game lasted 00:08:47 (2470 turns).

DerDa the Firebug (Demonspawn Fire Elementalist)    Turns: 2470, Time: 00:08:48

Health: -9/41      AC:  3    Str:  8    XL:     6   Next: 33%
Magic:  5/29       EV: 12    Int: 19    God:    Kikubaaqudgha [......]
Gold:   118        SH:  0    Dex: 13    Spells: 2/12 levels left

rFire    . . .     SeeInvis .   f - +0 club
rCold    + . .     Gourm    .   (no shield)
rNeg     . . .     Faith    .   a - +0 robe
rPois    .         Spirit   .   (no helmet)
rElec    .         Reflect  .   (no cloak)
rCorr    .         Harm     .   k - +0 pair of gloves
MR       .....                  (no boots)
Stlth    ++........             (no amulet)
HPRegen  0.13/turn              n - ring of magical power
MPRegen  0.21/turn              p - ring of magical power

@: very slightly contaminated
A: talons 1, cold resistance 1
a: Renounce Religion


You were on level 3 of the Dungeon.
You worshipped Kikubaaqudgha.
Kikubaaqudgha was noncommittal.
You were not hungry.

You visited 1 branch of the dungeon, and saw 3 of its levels.

You collected 118 gold pieces.

Inventory:

Hand Weapons
 f - a +0 club (weapon)
Missiles
 h - 75 stones (quivered)
Armour
 a - a +0 robe (worn)
 k - a +0 pair of gloves (worn)
Jewellery
 n - a ring of magical power (left hand)
 p - a ring of magical power (right hand)
Scrolls
 b - 3 scrolls of remove curse {unknown}
 g - 3 scrolls of identify {unknown}
 i - a scroll of fog {unknown}
 q - a scroll of blinking {unknown}
Potions
 d - a potion of flight {unknown}
 e - a potion of ambrosia {unknown}
 j - 3 potions of curing {unknown}
 l - a potion of invisibility {unknown}
 m - a potion of stabbing {unknown}
 o - a potion of heal wounds {unknown}
Comestibles
 c - 6 rations


   Skills:
 - Level 1.7 Dodging
 - Level 1.7 Stealth
 * Level 3.9 Spellcasting
 * Level 3.7 Conjurations
 * Level 4.3 Fire Magic


You had 2 spell levels left.
You knew the following spells:

 Your Spells              Type           Power        Failure   Level  Hunger
a - Foxfire               Conj/Fire      ###.         2%          1    None
b - Sticky Flame          Conj/Fire      ###.....     26%         4    ####...
c - Fireball              Conj/Fire      ###.......   58%         5    ######.

Your spell library contained the following spells:

 Spells                   Type           Power        Failure   Level  Hunger
 Conjure Flame            Conj/Fire      ###.....     8%          3    ###....
 Inner Flame              Hex/Fire       ##......     17%         3    ###....


Dungeon Overview and Level Annotations

Branches:
Dungeon (3/15)

Altars:
Kikubaaqudgha


Innate Abilities, Weirdness & Mutations

You have sharp toenails.
Your flesh is cold resistant. (rC+)


Message History

The orc priest hits you with a +0 flail.
* * * LOW HITPOINT WARNING * * *
Unknown command.
Casting: Sticky Flame (quite dangerous; 26% risk of failure)
Confirm with . or Enter, or press ? or * to list all spells.
Aiming: Sticky Flame (quite dangerous; 26% risk of failure)
Press: ? - help, Shift-Dir - straight line, f/p - orc priest
Aim: an orc priest, wielding a +0 flail (moderately wounded)
The sticky flame hits the orc priest.
The orc priest is severely wounded.
The orc priest is covered in liquid flames!
The orc priest burns!
You kill the orc priest!
Kikubaaqudgha accepts your kill. The hobgoblin misses you.
Things that are here:
a +0 flail; an orc corpse The fire vortex hits you.
The fire vortex burns you!
You die...
Kikubaaqudgha rasps: "You have failed me!
Welcome... death!"

###############.#........[.......
## #.#####.########### # ######.
..#§v§..#... #
.......###########.# #
#######............# #
#.......#########..# #
#.#....###.....)...# #
+....##..≈...)...# #
#....#$..@g......#
###..#⌠.)........#
##.#$..........# #.##..≈...≈...#
#### #.###.........# ....
#..#########..# ..#
#####.............. ..+
...........######### ..#
#########'###


You could see a hobgoblin.

Vanquished Creatures
  A hungry ghost (D:3)
  A hound (D:2)
  2 orc priests (D:3)
  Jessica (D:3)
  3 gnolls (D:3)
  An adder (D:2)
  A worm (D:3)
  A dart slug (D:3)
  A leopard gecko (D:1)
  6 orcs (D:3)
  A giant cockroach (D:1)
  6 goblins
  7 hobgoblins
  5 kobolds
  A quokka (D:3)
  A ball python (D:1)
  4 bats
  A frilled lizard (D:2)
  10 rats
54 creatures vanquished.

Vanquished Creatures (others)
  144 foxfires
144 creatures vanquished.

Grand Total: 198 creatures vanquished

Notes
Turn   | Place    | Note
-------+----------+-------------------------------------------
     0 | D:1      | DerDa the Demonspawn Fire Elementalist began the quest for
                  | the Orb.
     0 | D:1      | Reached XP level 1. HP: 13/13 MP: 3/3
   233 | D:1      | Gained mutation: You have sharp toenails. [demonic
                  | ancestry]
   233 | D:1      | Reached XP level 2. HP: 18/19 MP: 0/5
   286 | D:1      | Reached skill level 3 in Fire Magic
   974 | D:2      | Reached XP level 3. HP: 21/24 MP: 1/6
  1282 | D:2      | Gained mutation: Your flesh is cold resistant. (rC+)
                  | [demonic ancestry]
  1282 | D:2      | Reached XP level 4. HP: 30/30 MP: 8/8
  1644 | D:3      | Noticed Jessica
  1652 | D:3      | Killed Jessica
  2133 | D:3      | Reached XP level 5. HP: 35/35 MP: 9/9
  2215 | D:3      | Found an ancient bone altar of Kikubaaqudgha,
  2223 | D:3      | Noticed a hungry ghost
  2241 | D:3      | Killed a hungry ghost
  2241 | D:3      | Reached skill level 4 in Fire Magic
  2241 | D:3      | Reached XP level 6. HP: 27/41 MP: 11/11
  2253 | D:3      | Became a worshipper of Kikubaaqudgha
  2407 | D:3      | Learned a level 4 spell: Sticky Flame
  2413 | D:3      | Learned a level 5 spell: Fireball
  2470 | D:3      | Mangled by a fire vortex

Levels and vault maps discovered:
D:1:      dpeg_arrival_long_road, layout_loops_ring,
          ebering_dispersal_statue_hall
D:2:      layout_basic
D:3:      cheibrodos_pilgrimage, layout_basic, overflow_temple_1_default,
          first_ration, uniq_jessica

Skill      XL: |  1  2  3  4  5 |
---------------+----------------+-----
Fire Magic     | 3 4 |  4.3
Conjurations   | 2 3 |  3.7
Spellcasting   | 3 |  3.9
Dodging        | |  1.7
Stealth        | |  1.7

Action                   |  1- 3 |  4- 6 || total
-------------------------+-------+-------++-------
Melee: Club              |    18 |    21 ||    39
       Kick              |     1 |     7 ||     8
 Cast: Foxfire           |    41 |    48 ||    89
       Sticky Flame      |       |     1 ||     1
  Use: Potion            |     1 |       ||     1
  Eat: Chunk             |     1 |     6 ||     7
       Ration            |       |     1 ||     1
Armor: Robe              |     9 |     4 ||    13
Dodge: Dodged            |    23 |    28 ||    51

Table legend:
 A = Non-vault XP
 B = Vault XP
 C = Vault XP percentage of total XP
 D = Non-vault monster count
 E = Vault monster count
 F = Vault count percentage of total count
                 A         B        C        D         E       F
            +---------+---------+-------+---------+---------+-------
      Total |     370 |     128 |  25.7 |      48 |       6 |  11.1
            +---------+---------+-------+---------+---------+-------
        D:1 |      34 |       0 |   0.0 |      20 |       0 |   0.0
        D:2 |      70 |       0 |   0.0 |      12 |       0 |   0.0
        D:3 |     266 |     128 |  32.5 |      16 |       6 |  27.3
            +---------+---------+-------+---------+---------+-------
